 Dungeon Crawl Stone Soup version 0.31-a0-931-g7b59d4eb97 (webtiles) character file.

Game seed: 7220257591724296249

224 DocEon the Magician (level 5, -3/28 HPs)
             Began as a Deep Elf Conjurer on Oct 19, 2023.
             Slain by an iguana (10 damage)
             ... on level 4 of the Dungeon.
             The game lasted 00:02:48 (3140 turns).

DocEon the Magician (Deep Elf Conjurer)             Turns: 3140, Time: 00:02:49

Health: -3/28      AC:  3    Str: 10    XL:     5   Next: 67%
Magic:  9/15       EV: 12    Int: 25    God:
Gold:   150        SH:  4    Dex: 13    Spells: 5/16 levels left

rFire   . . .        (no weapon)
rCold   + . .        e - +0 buckler
rNeg    . . .        a - +0 robe
rPois   .            (no helmet)
rElec   .            o - +0 cloak
rCorr   .            (no gloves)
SInv    .            (no boots)
Will    .....        l - amulet of the acrobat
Stlth   ++           h - +6 ring of strength
HPRegen 0.24/turn    p - ring of protection from cold
MPRegen 0.14/turn

%: acrobat
@: no status effects
A: no striking features
a: no special abilities


You were on level 4 of the Dungeon.
You visited 1 branch of the dungeon, and saw 4 of its levels.

You collected 150 gold pieces.

Inventory:

Armour
 a - a +0 robe (worn)
 e - a +0 buckler (worn)
 o - a +0 cloak (worn)
Jewellery
 h - a +6 ring of strength (left hand)
 l - an amulet of the acrobat (around neck)
 p - a ring of protection from cold (right hand)
Scrolls
 i - 2 scrolls of identify
 j - a scroll of poison
 k - a scroll of teleportation
Potions
 b - a potion of magic
 c - 3 potions of enlightenment
 d - 2 potions of attraction
 f - a potion of mutation
 g - 4 potions of haste
 m - 3 potions of curing {unknown}
 n - a potion of heal wounds {unknown}


   Skills:
 - Level 2.6 Dodging
 - Level 2.6 Stealth
 * Level 6.1 Spellcasting
 * Level 5.6 Conjurations
 + Level 1.2 Hexes
 + Level 1.2 Translocations


You had 5 spell levels left.
You knew the following spells:

 Your Spells              Type           Power      Damage    Failure   Level
a - Magic Dart            Conj           100%       1d8       1%          1
b - Searing Ray           Conj           70%        2d7       1%          2
c - Fulminant Prism       Conj/Hex       12%        3d8       26%         4
d - Iskenderun's Mystic   Conj/Tloc      24%        2d7       26%         4

Your spell library contained the following spells:

 Spells                   Type           Power      Damage    Failure   Level
 Dazzling Flash           Conj/Hex       48%        N/A       9%          3
 Scorch                   Fire           14%        2d5       17%         2
 Ozocubu's Armour         Ice            7%         N/A       32%         3
 Flame Wave               Conj/Fire      21%        2d8       34%         4
 Summon Cactus Giant      Summ           3%         N/A       100%        6
 Ozocubu's Refrigeration  Ice            3%         4d8       100%        7


Dungeon Overview and Level Annotations

Branches:
Dungeon (4/15)
 Temple: D:4-7

Altars:
Elyvilon


Message History

The goblin shouts!
The magic dart hits the goblin!
You kill the goblin!
You can't see any susceptible monsters within range! (Use Z to cast anyway.)
You can't see any susceptible monsters within range! (Use Z to cast anyway.)
An iguana comes into view.
The magic dart hits the iguana but does no damage.
The iguana hisses angrily.
The magic dart hits the iguana.
The iguana is lightly wounded.
The iguana bites you!
The magic dart hits the iguana.
The iguana is moderately wounded.
The iguana bites you!
* * * LOW HITPOINT WARNING * * *
Casting: Magic Dart (safe; 1% risk of failure)
Confirm with . or Enter, or press ? or * to list all spells.
Aiming: Searing Ray (safe; 1% risk of failure)
Press: ? - help, Shift-Dir - straight line, f/p - iguana
Aim: an iguana (moderately wounded, 83% to hit)
Okay, then.
Casting: Searing Ray (safe; 1% risk of failure)
Confirm with . or Enter, or press ? or * to list all spells.
Okay, then.
The iguana attacks as it pursues you! The iguana completely misses you.
Casting: Searing Ray (safe; 1% risk of failure)
Confirm with . or Enter, or press ? or * to list all spells.
Okay, then.
Okay, then.
Okay, then.
Casting: Searing Ray (safe; 1% risk of failure)
Confirm with . or Enter, or press ? or * to list all spells.
Aiming: Searing Ray (safe; 1% risk of failure)
Press: ? - help, Shift-Dir - straight line, f/p - iguana
Aim: an iguana (moderately wounded, 83% to hit)
The searing ray hits the iguana!
The iguana is severely wounded. (Press . to maintain the ray.)
The iguana bites you!
You die...

...# #....# ...#
#....######+####
...#
#....#.........#
...# #....#
........# ...#
#....# .......
#### #....# ..)..
...###....# ...
##..##....######.#
##.......##...#@#
####.#####...#l#
#.## #...#.# .
#..# #...#.# ..
##.####...#.##..#
#....#.......)#
####.....#.####
#....>...#
#.####...#


You could see an iguana.

Vanquished Creatures
  An ogre (D:2)
  A hound (D:4)
  3 adders (D:3)
  A worm (D:2)
  2 dart slugs (D:2)
  7 endoplasms
  2 giant cockroaches
  9 goblins
  8 hobgoblins
  7 kobolds
  8 quokkas
  8 ball pythons
  4 bats
  4 frilled lizards
  7 rats
72 creatures vanquished.

Notes
Turn   | Place    | Note
-------+----------+-------------------------------------------
     0 | D:1      | DocEon the Deep Elf Conjurer began the quest for the Orb.
     0 | D:1      | Reached XP level 1. HP: 10/10 MP: 6/6
   237 | D:1      | Reached XP level 2. HP: 15/15 MP: 6/8
   240 | D:1      | Learned a level 2 spell: Searing Ray
   382 | D:1      | Found a faded altar of an unknown god.
   824 | D:1      | Reached skill level 4 in Spellcasting
  1087 | D:2      | Reached XP level 3. HP: 19/19 MP: 8/10
  1333 | D:2      | Found a white marble altar of Elyvilon.
  1429 | D:2      | Noticed an ogre
  1436 | D:2      | Killed an ogre
  1437 | D:2      | Reached skill level 5 in Spellcasting
  1437 | D:2      | Reached skill level 5 in Conjurations
  1437 | D:2      | Reached XP level 4. HP: 24/24 MP: 4/13
  1554 | D:2      | Learned a level 4 spell: Fulminant Prism
  1559 | D:2      | Learned a level 4 spell: Iskenderun's Mystic Blast
  1715 | D:2      | Reached XP level 5. HP: 28/28 MP: 12/15
  2437 | D:3      | Reached skill level 6 in Spellcasting
  2437 | D:3      | Reached skill level 1 in Hexes
  2867 | D:4      | Reached skill level 1 in Translocations
  3140 | D:4      | Slain by an iguana

Illustrated notes

Levels and vault maps discovered:
D:1:      minmay_arrival_four_circles, layout_loops_ring,
          shapermc_ecumenical_altar_mp_highgroup
D:2:      layout_rooms, basic_altar
D:3:      layout_basic, minmay_pentomino_pile
D:4:      layout_basic, skrybe_limestone_x, uniq_crazy_yiuf_cottage, uniq_pikel

Skill      XL: |  1  2  3  4  5 |
---------------+----------------+-----
Spellcasting   | 4 5 6 |  6.1
Conjurations   | 5 |  5.6
Hexes          | 1 |  1.2
Translocations | 1 |  1.2
Dodging        | |  2.6
Stealth        | |  2.6

Action                     |  1- 3 |  4- 6 || total
---------------------------+-------+-------++-------
   Cast: Magic Dart        |    65 |    70 ||   135
         Searing Ray       |     1 |     3 ||     4
    Use: Scroll            |     5 |     7 ||    12
 Armour: Robe              |     3 |     7 ||    10
  Dodge: Dodged            |     3 |     7 ||    10

Table legend: (Time is in decaauts)
 A = Elapsed time spent in this place.
 B = Non-inter-level travel time spent in this place.
 C = Inter-level travel time spent in this place.
 D = Time resting spent in this place.
 E = Time spent auto-exploring this place.
 F = Levels seen in this place.
 G = Mean time per level.
                   A        B        C        D        E       F      G
               +--------+--------+--------+--------+--------+-----+--------+
         Total |   3139 |   3043 |     96 |    350 |   2360 |   4 |  784.8 |
       Dungeon |   3139 |   3043 |     96 |    350 |   2360 |   4 |  784.8 |
               +--------+--------+--------+--------+--------+-----+--------+

Top non-repeatable levels by time:
     D:1: 1145 daAuts
     D:2: 814 daAuts
     D:3: 787 daAuts
     D:4: 391 daAuts
